 Dungeon Crawl Stone Soup version 0.25-a0-661-g55ea3d2 (webtiles) character file.

Game seed: 18153752435147698935, levelgen mode: deterministic

156 MrTaco21 the Cudgeler (level 5, 0/32 HPs)
             Began as a Gargoyle Fighter on Mar 23, 2020.
             Slain by a quokka (3 damage)
             ... on level 2 of the Dungeon.
             The game lasted 00:03:24 (2385 turns).

MrTaco21 the Cudgeler (Gargoyle Fighter)            Turns: 2385, Time: 00:03:25

Health: 0/32       AC: 10    Str: 21    XL:     5   Next: 37%
Magic:  5/5        EV:  7    Int:  8    God:
Gold:   97         SH:  9    Dex: 12    Spells: 4/4 levels left

rFire    . . .     SeeInvis .   a - +0 flail
rCold    . . .     Gourm    .   c - +0 kite shield
rNeg     + . .     Faith    .   b - +0 scale mail
rPois    ∞         Spirit   .   (no helmet)
rElec    +         Reflect  .   (no cloak)
rCorr    .         Harm     .   (no gloves)
MR       .....                  (no boots)
Stlth    ..........             r - amulet of inaccuracy (curse)
HPRegen  0.10/turn              f - +3 ring of dexterity
MPRegen  0.09/turn              (no ring)

@: no status effects
A: negative energy resistance 1, electricity resistance, unbreathing,
petrification resistance, rot immunity, AC +4
a: no special abilities


You were on level 2 of the Dungeon.
You were not hungry.

You visited 1 branch of the dungeon, and saw 3 of its levels.

You collected 97 gold pieces.

Inventory:

Hand Weapons
 a - a +0 flail (weapon)
Armour
 b - a +0 scale mail (worn)
 c - a +0 kite shield (worn)
Jewellery
 f - a +3 ring of dexterity (left hand)
   (You found it on level 1 of the Dungeon)
 r - a cursed amulet of inaccuracy (around neck)
   (You found it on level 3 of the Dungeon)
Scrolls
 g - a scroll of magic mapping
 h - a scroll of teleportation {@r4}
 m - a scroll of remove curse {@r2}
 o - a scroll of amnesia {unknown}
 q - a scroll of enchant armour {unknown}
Potions
 d - 3 potions of might
 i - a potion of curing {unknown}
 j - a potion of heal wounds {unknown}
 k - a potion of stabbing {unknown}
 p - a potion of haste {unknown}
 s - a potion of flight {unknown}
Comestibles
 e - 7 rations {!d}
 l - 3 chunks of flesh


   Skills:
 - Level 3.2 Fighting
 + Level 5.4 Maces & Flails
 - Level 3.2 Armour
 - Level 3.2 Shields


You had 4 spell levels left.
You didn't know any spells.
Your spell library was empty.

Dungeon Overview and Level Annotations

Branches:
Dungeon (3/15)

Altars:


Innate Abilities, Weirdness & Mutations

You are resistant to torment.
Your stone body is resilient. (AC +4)
You are immune to poison.
You resist negative energy. (rN+)
You are resistant to electric shocks. (rElec)
You can survive without breathing.
You are immune to petrification.
You are immune to rotting.


Message History

The quokka bites you but does no damage.
You block the gnoll's attack. The quokka closely misses you.
You hit the gnoll. The gnoll hits you but does no damage.
The quokka bites you but does no damage.
You block the gnoll's attack.
Unknown command.
You closely miss the gnoll. The quokka barely misses you.
The gnoll hits you but does no damage.
The quokka bites you but does no damage.
Unknown command.
Unknown command.
You hit the gnoll but do no damage.
The quokka bites you but does no damage.
You block the gnoll's attack.
You hit the gnoll but do no damage. You block the quokka's attack.
The gnoll hits you but does no damage. You block the quokka's attack.
Unknown command.
Unknown command.
Your scale mail prevents you from hitting the gnoll.
You block the gnoll's attack.
The quokka bites you but does no damage.
You miss the gnoll. The quokka bites you.
* * * LOW HITPOINT WARNING * * *
The gnoll hits you but does no damage. You block the quokka's attack.
The gnoll hits you but does no damage.
Unknown command.
You barely miss the gnoll. The quokka barely misses you.
The gnoll closely misses you.
The quokka bites you but does no damage.
You completely miss the gnoll. You block the gnoll's attack.
The quokka bites you.
* * * LOW HITPOINT WARNING * * *
You closely miss the gnoll. You block the gnoll's attack.
The quokka bites you but does no damage.
The gnoll hits you.
* * * LOW HITPOINT WARNING * * *
You closely miss the gnoll. The quokka bites you.
* * * LOW HITPOINT WARNING * * *
The quokka bites you but does no damage.
The gnoll hits you but does no damage.
You closely miss the gnoll. The quokka barely misses you.
You block the gnoll's attack.
Unknown command.
You closely miss the gnoll.
The quokka bites you but does no damage.
You block the gnoll's attack.
The quokka bites you but does no damage.
Unknown command.
You miss the gnoll. You block the gnoll's attack. The quokka bites you.
You die...

####### #..<..###################
#####...........÷............
#................÷.........#.
#####.###.....######.#.#####÷#...
...)..###.....######.#.#####.##..
#####<##....)..g@r...............
#.##.##..#######..####.......
#####.##.##..# #..# #........
#...[........# #..###....##..
#.###.#####..#######.........##..
#.# #.# ##.......##...###...##..
#.###.# #...####.###..# #..#....
......# #.#.##........###..#.#.#
#.##### #...##.#.###......)..#.#


You could see a gnoll and a quokka.

Vanquished Creatures
  An orc priest (D:3)
  3 adders
  2 gnolls
  An ooze (D:3)
  A worm (D:2)
  2 dart slugs (D:1)
  2 leopard geckos
  3 orcs (D:3)
  2 giant cockroaches (D:1)
  12 goblins
  9 hobgoblins
  3 jackals (D:2)
  3 ball pythons
  6 bats
  7 frilled lizards
  3 kobolds
  5 rats
65 creatures vanquished.

Notes
Turn   | Place    | Note
-------+----------+-------------------------------------------
     0 | D:1      | MrTaco21 the Gargoyle Fighter began the quest for the Orb.
     0 | D:1      | Reached XP level 1. HP: 14/14 MP: 1/1
   167 | D:1      | Reached XP level 2. HP: 9/19 MP: 2/2
   177 | D:1      | Reached skill level 3 in Maces & Flails
   428 | D:1      | Reached XP level 3. HP: 23/23 MP: 3/3
  1111 | D:2      | Reached skill level 4 in Maces & Flails
  1312 | D:2      | Reached XP level 4. HP: 26/28 MP: 4/4
  2054 | D:3      | Reached skill level 5 in Maces & Flails
  2054 | D:3      | Reached XP level 5. HP: 22/32 MP: 5/5
  2385 | D:2      | Slain by a quokka

Levels and vault maps discovered:
D:1:      dpeg_arrival_connections, layout_basic, dk_noncrumbling_3
D:2:      layout_loops_ring, grunt_decor_one_mirror
D:3:      layout_basic

Skill      XL: |  1  2  3  4 |
---------------+-------------+-----
Maces & Flails | 3 4 5 |  5.4
Fighting       | |  3.2
Armour         | |  3.2
Shields        | |  3.2

Action                   |  1- 3 |  4- 6 || total
-------------------------+-------+-------++-------
Melee: Flail             |    86 |   176 ||   262
  Use: Scroll            |       |     3 ||     3
  Eat: Chunk             |     1 |     4 ||     5
Armor: Scale mail        |    48 |    99 ||   147
Dodge: Dodged            |    31 |    59 ||    90
Block: Kite shield       |    33 |   108 ||   141

Table legend:
 A = Non-vault XP
 B = Vault XP
 C = Vault XP percentage of total XP
 D = Non-vault monster count
 E = Vault monster count
 F = Vault count percentage of total count
                 A         B        C        D         E       F
            +---------+---------+-------+---------+---------+-------
      Total |     223 |       0 |   0.0 |      65 |       0 |   0.0
            +---------+---------+-------+---------+---------+-------
        D:1 |      63 |       0 |   0.0 |      31 |       0 |   0.0
        D:2 |      45 |       0 |   0.0 |      16 |       0 |   0.0
        D:3 |     115 |       0 |   0.0 |      18 |       0 |   0.0
            +---------+---------+-------+---------+---------+-------
